 Dungeon Crawl Stone Soup version 0.31.0-32-g396128a36d (webtiles) character file.

Game seed: 3885678186260999397

1280 spaghetti the Basher (level 8, -3/80 HPs)
             Began as an Oni Chaos Knight on Mar 8, 2024.
             Was a Plaything of Xom.
             Slain by an unseen horror (10 damage)
             ... on level 6 of the Dungeon.
             The game lasted 00:03:53 (4499 turns).

spaghetti the Basher (Oni Chaos Knight)             Turns: 4499, Time: 00:03:54

Health: -3/80      AC:  3    Str: 17    XL:     8   Next: 54%
Magic:  8/8        EV: 10    Int: 15    God:    Xom [..*...]
Gold:   311        SH:  0    Dex: 10    Spells: 7/7 levels left

rFire   + . .        h - +0 whip (venom)
rCold   . . .        (no shield)
rNeg    . . .        (body armour restricted)
rPois   .            (helmet restricted)
rElec   .            (no cloak)
rCorr   .            (gloves unavailable)
SInv    .            (boots unavailable)
Will    .....        (no amulet)
Stlth   ++           (no ring)
HPRegen 0.33/turn    (no ring)
MPRegen 0.11/turn

%: no passive effects
@: hasted, very quick
A: large, unfitting armour, horns 2, tough skin 1, double potion healing,
drunken brawling, iridescent scales 1, thin skeletal structure 1, fire
resistance 1, wild magic 1, MP-powered wands
a: Renounce Religion


You were on level 6 of the Dungeon.
You worshipped Xom.
You were a toy of Xom.
You visited 1 branch of the dungeon, and saw 6 of its levels.

You collected 311 gold pieces.

Inventory:

Hand Weapons
 a - a +0 mace of chaos
 h - a +0 whip of venom (weapon)
Armour
 b - a +2 robe
 r - a +0 troll leather armour
 s - a +2 robe of willpower
Jewellery
 d - a ring of ice
Wands
 q - a wand of charming (26)
Scrolls
 c - a scroll of butterflies
 i - 3 scrolls of poison
 k - a scroll of noise
 m - a scroll of teleportation
 o - 2 scrolls of enchant armour
Potions
 e - a potion of resistance
 f - a potion of attraction
 g - a potion of curing
 j - 4 potions of might
 l - a potion of brilliance
 n - a potion of cancellation {unknown}
 p - 2 potions of mutation {unknown}
 t - a potion of haste {unknown}


   Skills:
 - Level 5.1 Fighting
 + Level 10.2 Maces & Flails
 - Level 2.1 Dodging


You had 7 spell levels left.
You didn't know any spells.
Your spell library contained the following spells:

 Spells                   Type           Power      Damage    Failure   Level
 Apportation              Tloc           0%         N/A       34%         1
 Necrotise                Necr           0%         1d4       34%         1
 Sting                    Conj/Alch      0%         1d3       34%         1
 Summon Small Mammal      Summ           0%         N/A       34%         1


Dungeon Overview and Level Annotations

Branches:
Dungeon (6/15)             Temple (0/1) D:5

Altars:
Cheibriados
Makhleb


Innate Abilities, Weirdness & Mutations

You are too large for most types of armour.
You have a pair of horns on your head.
You have tough skin. (AC +1)
You gain doubled healing and magic from potions.
Whenever you drink a healing potion, you attack all around you.
You are partially covered in iridescent scales. (AC +2)
You have a somewhat thin skeletal structure. (Dex +2, Stealth+)
Your flesh is heat resistant. (rF+)
Your spells are a little harder to cast, but a little more powerful.
You expend magic power (3 MP) to strengthen your wands.


Message History

You closely miss the bullfrog. Your headbutt misses the bullfrog.
The bullfrog is severely wounded.
Something hits you! The kobold hits you with a +0 club.
A kobold comes into view. It is wielding a +0 short sword.
The bullfrog barely misses you.
You closely miss the bullfrog.
The bullfrog is severely wounded.
You hit the bullfrog but do no damage.
The bullfrog looks as sick as possible!
The bullfrog is severely wounded.
The bullfrog completely misses you. Something hits you!
The kobold throws a stone.
The stone barely misses you.
The howler monkey hoots and howls with incredible vigour!
You hear a shout! x3
You hit the bullfrog.
You kill the bullfrog!
Something hits you!
* * * LOW HITPOINT WARNING * * *
A kobold brigand comes into view.
It is wielding a +0 whip and quivering poisoned darts.
Something hits you.
* * * LOW HITPOINT WARNING * * *
The howler monkey hoots and howls with incredible vigour!
Something hits you!
* * * LOW HITPOINT WARNING * * *
Okay, then.
Something hits you but does no damage. Something hits you but does no damage.
Something hits you.
* * * LOW HITPOINT WARNING * * *
Something hits you.
* * * LOW HITPOINT WARNING * * *
You swing at nothing.
You swing at nothing.
You closely miss something. You headbutt something.
Something hits you but does no damage.
You barely miss something. Your headbutt misses something.
Something hits you but does no damage.
You barely miss something. Something hits you!
* * * LOW HITPOINT WARNING * * *
You barely miss something. Your headbutt misses something. Something hits you!
You die...

#########
#.......######
#.#####.##....
#####.#####.##....
#...........##.#..
#.###.#..##......#
#.##...).##.##....
#@##........##.###
#{##.##.######....
#.......# #####
#.##.#### ##.##.#
#..##.# ##K#####
###.รท###...##
#....##.....##


You could see a kobold.

Vanquished Creatures
  A troll (D:6)
  A black bear (D:3)
  An ice beast (D:5)
  A centaur (D:5)
  A bullfrog (D:6)
  A brain worm (D:4)
  A howler monkey (D:5)
  A jelly (D:5)
  An orc priest (D:3)
  A gnoll bouda (D:5)
  4 hounds
  2 iguanas (D:6)
  5 gnolls (D:5)
  7 adders
  A shadow imp (D:5)
  A white imp (D:6)
  2 ribbon worms (D:2)
  3 dart slugs
  11 orcs
  7 ball pythons
  8 endoplasms
  2 giant cockroaches (D:2)
  10 goblins
  4 hobgoblins
  5 kobolds
  A quokka (D:1)
  3 bats
  3 frilled lizards (D:2)
  7 rats
96 creatures vanquished.

Vanquished Creatures (collateral kills)
  An ogre (D:5)
  A bombardier beetle (D:5)
  An orc priest (D:5)
  An adder (D:5)
  An orc (D:5)
5 creatures vanquished.

Grand Total: 101 creatures vanquished

Notes
Turn   | Place    | Note
-------+----------+-------------------------------------------
     0 | D:1      | spaghetti the Oni Chaos Knight began the quest for the Orb.
     0 | D:1      | Reached XP level 1. HP: 24/24 MP: 1/1
   131 | D:1      | XOM: divination: detect items
   187 | D:1      | XOM: silly message
   191 | D:1      | Reached XP level 2. HP: 31/33 MP: 2/2
   377 | D:1      | Reached skill level 5 in Fighting
   387 | D:1      | XOM: silly message
   789 | D:1      | XOM: silly message
   808 | D:2      | Reached XP level 3. HP: 40/42 MP: 3/3
   957 | D:2      | XOM: divination: magic mapping
  1303 | D:2      | XOM is BORED!
  1446 | D:2      | Reached skill level 4 in Maces & Flails
  1761 | D:3      | Reached XP level 4. HP: 49/50 MP: 4/4
  1792 | D:3      | Noticed a black bear
  1796 | D:3      | XOM: potion effect (haste)
  1801 | D:3      | Killed a black bear
  1802 | D:3      | Reached skill level 5 in Maces & Flails
  1802 | D:3      | Reached XP level 5. HP: 36/57 MP: 5/5
  1857 | D:3      | XOM: give mutation
  1857 | D:3      | Gained mutation: You have a somewhat thin skeletal
                  | structure. (Dex +2, Stealth+) [Xom's mischief]
  1865 | D:3      | XOM: 8-stop teleportation journey
  1974 | D:3      | XOM: give mutations
  1974 | D:3      | Gained mutation: Your flesh is heat resistant. (rF+) [Xom's
                  | grace]
  1974 | D:3      | Gained mutation: Your spells are a little harder to cast,
                  | but a little more powerful. [Xom's grace]
  1974 | D:3      | Gained mutation: You are partially covered in iridescent
                  | scales. (AC +2) [Xom's grace]
  1974 | D:3      | Gained mutation: You have hidden genetic potential. [Xom's
                  | grace]
  2044 | D:3      | XOM: 1-stop teleportation journey
  2223 | D:3      | XOM: summons 2 hostile shadow creatures
  2537 | D:4      | Reached skill level 6 in Maces & Flails
  2537 | D:4      | Reached XP level 6. HP: 66/66 MP: 6/6
  2620 | D:4      | XOM: polymorph hound -> brain worm
  2636 | D:4      | Gained mutation: You have a pair of horns on your head.
                  | [hidden potential]
  3044 | D:4      | Reached skill level 7 in Maces & Flails
  3091 | D:5      | Entered Level 5 of the Dungeon
  3100 | D:5      | XOM: enchant monster (bad)
  3121 | D:5      | Reached XP level 7. HP: 72/72 MP: 7/7
  3126 | D:5      | Found a snail-covered altar of Cheibriados.
  3140 | D:5      | XOM: blink monster(s)
  3148 | D:5      | XOM: summons 3 friendly demons
  3158 | D:5      | Reached skill level 8 in Maces & Flails
  3164 | D:5      | Gained mutation: You expend magic power (3 MP) to
                  | strengthen your wands. [hidden potential]
  3164 | D:5      | Lost mutation: You have hidden genetic potential. [hidden
                  | potential expressed]
  3346 | D:5      | XOM: silly message
  3442 | D:5      | Found a staircase to the Ecumenical Temple.
  3718 | D:5      | Reached skill level 9 in Maces & Flails
  3718 | D:5      | Reached XP level 8. HP: 60/80 MP: 8/8
  4017 | D:6      | Found a burning altar of Makhleb.
  4066 | D:6      | XOM: noise
  4184 | D:6      | Noticed a troll
  4201 | D:6      | Killed a troll
  4259 | D:6      | XOM: smoke on damage
  4455 | D:6      | XOM: silly message
  4456 | D:6      | XOM: potion effect (haste)
  4459 | D:6      | Reached skill level 10 in Maces & Flails
  4499 | D:6      | Slain by an unseen horror

Illustrated notes

Levels and vault maps discovered:
D:1:      tarquinn_simple_flora_water_b, layout_loops_ring
D:2:      wander_river, layout_basic
D:3:      layout_loops_ring
D:4:      layout_basic, hangedman_feature_mirror, grunt_decor_arrowhead,
          nrook_mini_vaults
D:5:      layout_basic, overflow_temple_1_default, minmay_temple_entry_grid
D:6:      minmay_opposing_rooms, layout_loops_cross,
          mainiacjoe_overflow_boulevard, gammafunk_ghost_necromancy,
          minmay_strange_pillars, uniq_sigmund

Skill      XL: |  1  2  3  4  5  6  7  8 |
---------------+-------------------------+-----
Fighting       | 5 |  5.1
Maces & Flails | 4 5 6 7 9 10 | 10.2
Dodging        | |  2.1

Action                     |  1- 3 |  4- 6 |  7- 9 || total
---------------------------+-------+-------+-------++-------
  Melee: Mace              |    27 |       |       ||    27
         Headbutt          |    18 |    30 |    26 ||    74
         Whip              |    79 |   114 |   131 ||   324
         Punch             |     1 |     1 |     2 ||     4
    Use: Scroll            |     2 |     8 |     1 ||    11
         Potion            |       |       |     2 ||     2
   Stab: Sleeping          |       |     4 |     2 ||     6
         Distracted        |       |     2 |       ||     2
 Armour: Robe              |    68 |    78 |    69 ||   215
         Skin              |       |       |    31 ||    31
  Dodge: Dodged            |    45 |    50 |    66 ||   161
